 Dungeon Crawl Stone Soup version 0.24.0-37-gcf1ca852f1 (webtiles) character file.

Game seed: 2263532709850192963, levelgen mode: deterministic

2671 Iamsoldier the Magician (level 9, -5/71 HPs)
             Began as a Gnoll Skald on Dec 6, 2019.
             Was a Follower of Cheibriados.
             Slain by an orc warrior
             ... wielding a +0 glaive
              (9 damage)
             ... on level 8 of the Dungeon.
             The game lasted 00:18:37 (8205 turns).

Iamsoldier the Magician (Gnoll Skald)               Turns: 8205, Time: 00:18:37

Health: -5/71      AC: 11    Str: 17    XL:     9   Next: 63%
Magic:  0/19       EV: 17    Int: 20    God:    Cheibriados [*.....]
Gold:   418        SH:  0    Dex: 23    Spells: 12/21 levels left

rFire    . . .     SeeInvis .   b - +4 halberd
rCold    . . .     Gourm    .   (shield currently unavailable)
rNeg     . . .     Faith    .   z - +2 leather armour {rPois}
rPois    +         Spirit   +   x - +0 helmet
rElec    .         Reflect  .   (no cloak)
rCorr    .         Harm     .   m - +2 pair of gloves
MR       .....                  g - +0 pair of boots
Stlth    +++.......             e - amulet of guardian spirit
HPRegen  0.21/turn              n - +4 ring of dexterity
MPRegen  0.16/turn              (no ring)

@: very slow
A: distributed training, fangs 1, strong nose
a: Bend Time, Renounce Religion


You were on level 8 of the Dungeon.
You worshipped Cheibriados.
Cheibriados was aware of your devotion.
You were hungry.

You visited 2 branches of the dungeon, and saw 9 of its levels.
You also visited: Ossuary.

You collected 418 gold pieces.

Inventory:

Hand Weapons
 a - a +1 spear of flaming
 b - a +4 halberd (weapon)
Missiles
 f - 15 poisoned darts (quivered)
 p - a throwing net
Armour
 g - a +0 pair of boots (worn)
 m - a +2 pair of gloves (worn)
 w - a +2 leather armour of positive energy
 x - a +0 helmet (worn)
 z - a +2 leather armour of poison resistance (worn)
Jewellery
 e - an amulet of guardian spirit (around neck)
 n - a +4 ring of dexterity (left hand)
Wands
 s - a wand of enslavement (8)
 u - a wand of digging (4)
Scrolls
 c - 6 scrolls of teleportation
 l - a scroll of enchant armour
 o - 2 scrolls of amnesia
 r - 3 scrolls of identify
 y - a scroll of remove curse
Potions
 h - 6 potions of curing
 i - 3 potions of ambrosia {unknown}
 j - a potion of mutation {unknown}
 k - 2 potions of resistance
 q - 3 potions of haste
 t - a potion of lignification
 v - 3 potions of heal wounds
 A - 2 potions of brilliance
 B - 2 potions of flight {unknown}
 C - 2 potions of cancellation {unknown}
 D - a potion of agility
Comestibles
 d - 7 rations


   Skills:
 + Level 6.4 Fighting
 + Level 4.3 Short Blades
 + Level 4.3 Long Blades
 + Level 4.3 Axes
 + Level 4.3 Maces & Flails
 + Level 6.4 Polearms
 + Level 4.3 Staves
 + Level 4.3 Slings
 + Level 4.3 Bows
 + Level 4.3 Crossbows
 + Level 4.3 Throwing
 + Level 5.1 Armour
 + Level 6.4 Dodging
 + Level 4.3 Stealth
 + Level 4.3 Shields
 + Level 4.3 Unarmed Combat
 + Level 6.7 Spellcasting
 + Level 3.6 Conjurations
 + Level 3.6 Hexes
 + Level 6.6 Charms
 + Level 3.6 Summonings
 + Level 3.6 Necromancy
 + Level 3.6 Translocations
 + Level 3.6 Transmutations
 + Level 3.6 Fire Magic
 + Level 3.6 Ice Magic
 + Level 3.6 Air Magic
 + Level 3.6 Earth Magic
 + Level 3.6 Poison Magic
 + Level 4.8 Invocations
 + Level 4.3 Evocations


You had 12 spell levels left.
You knew the following spells:

 Your Spells              Type           Power        Failure   Level  Hunger
a - Infusion              Chrm           ####         1%          1    None
b - Shroud of Golubria    Chrm/Tloc      ####..       2%          2    None
c - Spectral Weapon       Hex/Chrm       ####....     4%          3    #......
d - Regeneration          Chrm/Necr      ####......   4%          3    #......

Your spell library contained the following spells:

 Spells                   Type           Power        Failure   Level  Hunger
 Song of Slaying          Chrm           ####....     1%          2    None


Dungeon Overview and Level Annotations

Branches:
Dungeon (8/15)             Temple (1/1) D:5         Ossuary (visited)
   Lair: D:8-11

Altars:
Ashenzari
Cheibriados
Dithmenos
Elyvilon
Fedhas
Gozag
Hepliaklqana
Kikubaaqudgha
Makhleb
Nemelex Xobeh
Qazlal
Ru
Sif Muna
Trog
Uskayaw
Wu Jian
Xom
Yredelemnul
Zin
The Shining One


Innate Abilities, Weirdness & Mutations

Your experience applies equally to all skills.
You have very sharp teeth.
Your uncanny sense of smell can sniff out nearby items.


Message History

The hound is moderately wounded.
The hound bites you but does no damage. The orc warrior closely misses you.
The hound closely misses you.
You hit the hound. You bite the hound.
The hound is severely wounded.
The hound closely misses you. The orc warrior closely misses you.
You closely miss the hound. You bite the hound.
The hound is severely wounded.
Your shroud bends the hound's attack away.
The hound bites you but does no damage.
The orc warrior hits you from afar with a +0 glaive!!
* * * LOW HITPOINT WARNING * * *
Your shroud falls apart!
Evoke which item? (* to show all) (? for menu, Esc to quit)
Aiming: Enslavement
Press: ? - help, Shift-Dir - straight line, f - orc warrior
Aim: an orc warrior, wielding a +0 glaive and wearing a +0 chain mail (chance to defeat MR: 59%)
The hound is charmed.
The orc warrior hits you from afar with a +0 glaive!
You die...

##**,,,,,,* *,,<,,,* **,,
..,,,*,,,,* *,,,,,,***,>,
##*,,,,*****#* *,,,,.,*,,,,,
..,∆,,,,,,,,.***####*,,,..,,,*,,,
#.*****#####.,,,..%,,,,...,,,,,,,
#.##*,,,$...#***#.#**,....,≈,,,,≈
...##,,###..#####.###l....,,,≈≈≈≈
##.##.##.##.##....#hoo....,,≈≈≈≈≈
.#....#...#.....@hoo#,,,,,,≈≈≈≈≈≈
.##...##.##.....#####,,,,,,,≈≈≈≈≈
.##....#.#..##### ******,,,≈≈≈,
.##.#.......# *,≈,,≈,,
.....##...####* *,,,,,,,
.###..........#**** ***,**,* .#
#....#......,,,****** *******
.###.########...,,>,,,,* *,,,,**
.....#### **##*,****,****,,,,,*


You could see an orc warrior, a wolf, an iguana, 3 orcs and a friendly hound.

Vanquished Creatures
  Pikel (D:6)
  2 ice beasts
  A sky beast (D:5)
  A black bear (D:8)
  An ogre (D:5)
  6 bullfrogs
  A gnoll sergeant (D:6)
  4 killer bees (D:7)
  4 wights (D:6)
  2 crimson imps (D:5)
  4 hounds
  2 bullfrog zombies
  5 centaur zombies
  A gnoll shaman (D:4)
  An orc priest (D:4)
  3 jellies
  A water moccasin simulacrum (D:8)
  A bullfrog skeleton (D:7)
  An orc wizard (D:4)
  3 worker ants
  3 big kobold zombies (Ossuary)
  6 mummies (Ossuary)
  7 gnolls
  A howler monkey skeleton (D:8)
  4 adders
  2 oozes
  An adder zombie (D:7)
  An adder skeleton (D:4)
  A worm (D:2)
  3 dart slugs
  4 leopard geckos
  15 orcs
  A ball python (D:2)
  5 bats
  7 giant cockroaches
  8 goblins
  6 hobgoblins
  6 jackals
  3 quokkas
  6 frilled lizards
  5 hobgoblin zombies (Ossuary)
  7 kobolds
  7 rats
154 creatures vanquished.

Vanquished Creatures (others)
  Sigmund (D:6)
  2 slaves (D:6)
  A gnoll (D:6)
  2 orcs (D:6)
  3 spectral weapons
9 creatures vanquished.

Grand Total: 163 creatures vanquished

Notes
Turn   | Place    | Note
-------+----------+-------------------------------------------
     0 | D:1      | Iamsoldier the Gnoll Skald began the quest for the Orb.
     0 | D:1      | Reached XP level 1. HP: 20/20 MP: 6/6
   162 | D:1      | Reached XP level 2. HP: 21/26 MP: 7/7
  1073 | D:1      | Reached XP level 3. HP: 24/31 MP: 9/9
  1248 | D:1      | Reached skill level 5 in Spellcasting
  1505 | D:2      | Learned a level 2 spell: Shroud of Golubria
  1509 | D:2      | Learned a level 3 spell: Spectral Weapon
  1516 | D:2      | Learned a level 3 spell: Regeneration
  1535 | D:2      | Reached skill level 1 in Invocations
  1645 | D:2      | Reached skill level 1 in Short Blades
  1645 | D:2      | Reached skill level 1 in Long Blades
  1645 | D:2      | Reached skill level 1 in Axes
  1645 | D:2      | Reached skill level 1 in Maces & Flails
  1645 | D:2      | Reached skill level 1 in Staves
  1645 | D:2      | Reached skill level 1 in Slings
  1645 | D:2      | Reached skill level 1 in Bows
  1645 | D:2      | Reached skill level 1 in Crossbows
  1645 | D:2      | Reached skill level 1 in Throwing
  1645 | D:2      | Reached skill level 1 in Stealth
  1645 | D:2      | Reached skill level 1 in Shields
  1645 | D:2      | Reached skill level 1 in Unarmed Combat
  1645 | D:2      | Reached skill level 1 in Evocations
  1857 | D:2      | Reached XP level 4. HP: 38/38 MP: 4/11
  2100 | D:2      | Found a sparkling altar of Nemelex Xobeh.
  2838 | D:3      | Reached skill level 1 in Conjurations
  2838 | D:3      | Reached skill level 1 in Hexes
  2838 | D:3      | Reached skill level 1 in Summonings
  2838 | D:3      | Reached skill level 1 in Necromancy
  2838 | D:3      | Reached skill level 1 in Translocations
  2838 | D:3      | Reached skill level 1 in Transmutations
  2838 | D:3      | Reached skill level 1 in Fire Magic
  2838 | D:3      | Reached skill level 1 in Ice Magic
  2838 | D:3      | Reached skill level 1 in Air Magic
  2838 | D:3      | Reached skill level 1 in Earth Magic
  2838 | D:3      | Reached skill level 1 in Poison Magic
  3885 | D:4      | Reached XP level 5. HP: 33/43 MP: 3/12
  4212 | D:4      | Reached XP level 6. HP: 26/50 MP: 1/13
  4608 | D:4      | Found a shadowy altar of Dithmenos.
  5334 | D:5      | Entered Level 5 of the Dungeon
  5375 | D:5      | Reached skill level 5 in Fighting
  5375 | D:5      | Reached skill level 5 in Polearms
  5375 | D:5      | Reached skill level 5 in Dodging
  5399 | D:5      | Noticed a sky beast
  5453 | D:5      | Killed a sky beast
  5609 | D:5      | Reached XP level 7. HP: 47/56 MP: 4/15
  5774 | D:5      | Found a staircase to the Ecumenical Temple.
  5884 | D:6      | Noticed Pikel
  5892 | D:6      | Reached XP level 8. HP: 56/63 MP: 4/16
  5903 | D:6      | Killed Pikel
  5985 | D:6      | Killed Sigmund
  6188 | D:6      | Found a hide-covered altar of Uskayaw.
  6188 | D:6      | Found an ancient bone altar of Kikubaaqudgha.
  6193 | D:6      | Found a white marble altar of Elyvilon.
  6195 | D:6      | Found a faded altar of an unknown god.
  6196 | D:6      | Found a stormy altar of Qazlal.
  6375 | Temple   | Entered the Ecumenical Temple
  6384 | Temple   | Became a worshipper of Cheibriados the Contemplative
  6720 | D:6      | Reached XP level 9. HP: 32/69 MP: 2/18
  6964 | D:6      | Found a glowing golden altar of the Shining One.
  6966 | D:6      | Noticed an angel
  6975 | D:6      | Found a basalt altar of Yredelemnul.
  6977 | D:6      | Noticed a profane servitor
  7537 | D:7      | Reached * piety under Cheibriados
  7942 | D:8      | Found a sand-covered staircase.
  7954 | D:8      | Reached skill level 5 in Armour
  7959 | Ossuary  | Entered an ossuary
  8205 | D:8      | Slain by an orc warrior

Levels and vault maps discovered:
D:1:      lightli_arrival_chessboard, layout_basic
D:2:      layout_loops_ring, nemelex_xobeh_ov_fountains_minmay, first_ration
D:3:      layout_loops_ring
D:4:      layout_layer_cave, kennysheep_mini
D:5:      layout_basic, minmay_temple_entry_from_below_a, uniq_eustachio
D:6:      layout_basic, grunt_temple_overflow_holy_war,
          chequers_temple_overflow_minitemple, minmay_small_thing, uniq_sigmund,
          uniq_pikel
D:7:      layout_cave_pools
D:8:      layout_rooms, vehumet_altar_wand_db, marbit_many_paths,
          nicolae_ossuary_entry_ruins, serial_ice, serial_ice_f, serial_ice_d,
          serial_ice_c, serial_ice_h
Temple:   nicolae_temple_no_exploring_needed

Skill      XL: |  1  2  3  4  5  6  7  8  9 |
---------------+----------------------------+-----
Spellcasting   | 5 6 |  6.7
Invocations    | 1 2 3 4 |  4.8
Short Blades   | 1 2 3 4 |  4.3
Long Blades    | 1 2 3 4 |  4.3
Axes           | 1 2 3 4 |  4.3
Maces & Flails | 1 2 3 4 |  4.3
Staves         | 1 2 3 4 |  4.3
Slings         | 1 2 3 4 |  4.3
Bows           | 1 2 3 4 |  4.3
Crossbows      | 1 2 3 4 |  4.3
Throwing       | 1 2 3 4 |  4.3
Stealth        | 1 2 3 4 |  4.3
Shields        | 1 2 3 4 |  4.3
Unarmed Combat | 1 2 3 4 |  4.3
Evocations     | 1 2 3 4 |  4.3
Conjurations   | 1 2 3 |  3.6
Hexes          | 1 2 3 |  3.6
Summonings     | 1 2 3 |  3.6
Necromancy     | 1 2 3 |  3.6
Translocations | 1 2 3 |  3.6
Transmutations | 1 2 3 |  3.6
Fire Magic     | 1 2 3 |  3.6
Ice Magic      | 1 2 3 |  3.6
Air Magic      | 1 2 3 |  3.6
Earth Magic    | 1 2 3 |  3.6
Poison Magic   | 1 2 3 |  3.6
Armour         | 3 4 5 |  5.1
Fighting       | 5 6 |  6.4
Polearms       | 5 6 |  6.4
Dodging        | 5 6 |  6.4
Charms         | 6 |  6.6

Action                   |  1- 3 |  4- 6 |  7- 9 || total
-------------------------+-------+-------+-------++-------
Melee: Spear             |   133 |   126 |   132 ||   391
       Bite              |     7 |    18 |    51 ||    76
       Short sword       |       |    98 |   111 ||   209
       Punch             |       |       |     2 ||     2
       Halberd           |       |       |    88 ||    88
 Cast: Infusion          |     3 |     2 |     2 ||     7
       Shroud of Golubri |     3 |     5 |    12 ||    20
       Spectral Weapon   |     2 |    12 |    19 ||    33
       Regeneration      |       |     1 |     6 ||     7
Evoke: Wand              |       |       |     2 ||     2
  Use: Potion            |       |     3 |     4 ||     7
       Scroll            |       |       |    17 ||    17
 Stab: Sleeping          |     4 |     2 |     2 ||     8
  Eat: Chunk             |     3 |    10 |     5 ||    18
       Ration            |       |     1 |     1 ||     2
Armor: Leather armour    |    14 |    52 |    88 ||   154
       Skin              |       |       |     2 ||     2
Dodge: Dodged            |    75 |    89 |   270 ||   434
